 Dungeon Crawl Stone Soup version 0.31-a0-889-g1a8549509d (webtiles) character file.

Game seed: 14613860731355219267

1651 mortress the Changeling (level 9, -2/69 HPs)
             Began as a Merfolk Shapeshifter on Oct 15, 2023.
             Was an Initiate of Ru.
             Slain by a gnoll
             ... wielding a +0 flail
              (6 damage)
             ... on level 6 of the Dungeon on Oct 16, 2023.
             The game lasted 00:25:05 (6044 turns).

mortress the Changeling (Merfolk Shapeshifter)      Turns: 6044, Time: 00:25:05

Health: -2/69      AC:  2    Str: 18    XL:     9   Next: 0%
Magic:  9/9        EV: 15    Int:  9    God:    Ru [......]
Gold:   267        SH:  0    Dex: 14    Spells: 8/8 levels left

rFire   . .          .
                       - Unarmed
rCold   . . .        (shield currently unavailable)
rNeg    . . .        a - +0 animal skin
rPois   .            (no helmet)
rElec   .            (no cloak)
rCorr   .            (no gloves)
SInv    .            (no boots)
Will    .....        (no amulet)
Stlth   +            (no ring)
HPRegen 0.31/turn    (no ring)
MPRegen 0.11/turn

%: no passive effects
@: flux-form, glowing
A: glow, contaminating, (nimble swimmer 2), mertail
a: Begin Untransformation, Renounce Religion


You were on level 6 of the Dungeon.
You worshipped Ru.
Ru was noncommittal.
You were something dangerously unstable.
You visited 2 branches of the dungeon, and saw 7 of its levels.
You also visited: Sewer and Ossuary.

You collected 267 gold pieces.

Inventory:

Missiles
 q - 10 poisoned darts
 u - 5 boomerangs
 I - 2 throwing nets
Armour
 a - a +0 animal skin (worn)
 l - a +0 kite shield
 s - a +0 helmet
Jewellery
 L - an amulet of reflection
Talismans
 c - a beast talisman
 d - a flux talisman (active)
Wands
 H - a wand of digging (3)
 J - a wand of mindburst (15)
Scrolls
 e - 3 scrolls of teleportation {unknown}
 i - a scroll of noise {unknown}
 m - 2 scrolls of vulnerability {unknown}
 o - 2 scrolls of enchant armour {unknown}
 p - 2 scrolls of silence {unknown}
 r - a scroll of fog {unknown}
 t - a scroll of poison {unknown}
 v - 4 scrolls of identify {unknown}
 y - a scroll of brand weapon {unknown}
 C - 2 scrolls of butterflies {unknown}
 D - 2 scrolls of revelation {unknown}
 E - 2 scrolls of fear {unknown}
 G - a scroll of torment {unknown}
 K - a scroll of enchant weapon {unknown}
Potions
 b - a potion of lignification
 f - 3 potions of ambrosia {unknown}
 g - 3 potions of heal wounds {unknown}
 h - a potion of enlightenment {unknown}
 j - 3 potions of berserk rage {unknown}
 k - 4 potions of curing
 n - 3 potions of attraction {unknown}
 w - 2 potions of resistance {unknown}
 x - 2 potions of cancellation {unknown}
 z - 5 potions of haste {unknown}
 A - a potion of magic {unknown}
 B - 2 potions of might {unknown}
 F - a potion of invisibility {unknown}
 M - a potion of brilliance {unknown}


   Skills:
 + Level 5.9 Fighting
 + Level 7.5 Dodging
 * Level 7.2 Unarmed Combat
 + Level 7.7 Shapeshifting


You had 8 spell levels left.
You didn't know any spells.
Your spell library contained the following spells:

 Spells                   Type           Power      Damage    Failure   Level
 Alistair's Intoxication  Tmut/Pois      0%         N/A       100%        5
 Borgnjor's Vile Clutch   Necr/Erth      0%         N/A       100%        5
 Eringya's Noxious Bog    Tmut/Pois      0%         4d6       100%        6


Dungeon Overview and Level Annotations

Branches:
Dungeon (6/15)             Temple (1/1) D:5           Sewer (visited)
Ossuary (visited)

Altars:
Cheibriados
Dithmenos
Elyvilon
Fedhas
Kikubaaqudgha
Okawaru
Qazlal
Ru
Uskayaw
Vehumet
Xom
Yredelemnul
Zin
The Shining One

Annotations:
D:5 2 transporters, tinfoiltophat's ghost, weakling DjFE
D:6 1 runed translucent door, pokeman's ghost, novice DEHW


Innate Abilities, Weirdness & Mutations

You are something dangerously unstable.
You glow with magical radiation, making you easy to see and hit.
Foes you strike become dangerously contaminated with magical radiation.
You are incapable of wielding weapons or throwing items.
((You are very nimble when in or above water. (Stealth+, EV+, Speed+++)))
Your lower body shifts to a powerful aquatic tail in water.


Message History

The orc throws a stone.
The stone closely misses you.
A gnoll comes into view. It is wielding a +0 club.
You hit the gnoll.
The gnoll begins to glow.
The gnoll is heavily wounded.
The gnoll hits you with a +0 club! The gnoll hits you but does no damage.
You punch the gnoll!
You kill the gnoll!
The gnoll hits you from afar with a +0 spear.
You punch the orc!
You kill the orc!
The gnoll completely misses you.
A gnoll comes into view. It is wielding a +0 flail.
Okay, then.
Unknown command.
The gnoll shouts!
The gnoll closely misses you.
You hit the gnoll.
The gnoll begins to glow.
The gnoll is heavily wounded.
The gnoll hits you with a +0 club.
You hit the gnoll.
The gnoll glows dangerously bright.
The gnoll is severely wounded.
The gnoll hits you from afar with a +0 spear.
* * * LOW HITPOINT WARNING * * *
The gnoll barely misses you.
You hit the gnoll.
The gnoll shudders as magic cascades through it!!
You kill the gnoll!
The gnoll hits you from afar with a +0 spear.
* * * LOW HITPOINT WARNING * * *
The gnoll hits you with a +0 flail!
* * * LOW HITPOINT WARNING * * *
You have reached level 9!
Your experience leads to an increase in your attributes!
Increase (S)trength, (I)ntelligence, or (D)exterity?
You feel stronger. x2
You feel better.
The gnoll hits you from afar with a +0 spear!
* * * LOW HITPOINT WARNING * * *
The gnoll hits you with a +0 flail.
You die...

#######.......#........ #.
...................... #
..########..#.......##.###.#
### ##.................. ..
..........)...#..... ##
..........)).))......
..........g...#.....
.........>....# ....
..###....p)...# ..g
#.....g...# #.........#
#.........# #.........#
##.......## ##.....##
#######


You could see 2 gnolls.

Vanquished Creatures
  An ogre (D:6)
  2 centaurs
  3 bullfrogs
  A scorpion (D:5)
  3 water moccasin zombies (Ossuary)
  A howler monkey (D:4)
  2 jellies (D:5)
  4 orc priests
  A gnoll bouda (D:5)
  3 hounds
  2 sleepcaps
  2 iguanas
  2 orc wizards (D:3)
  2 mummies (Ossuary)
  7 gnolls
  8 adders
  12 river rats
  A shadow imp (D:6)
  A white imp (D:6)
  2 ufetubi (D:5)
  8 adder zombies (Ossuary)
  2 worms
  A dart slug (D:1)
  18 orcs
  20 ball pythons
  6 bats
  10 endoplasms
  2 giant cockroaches
  A goblin (D:1)
  4 hobgoblins
  7 jackals
  5 quokkas
  7 frilled lizards
  3 gnoll zombies (Ossuary)
  2 hobgoblin zombies (Ossuary)
  5 kobolds
  6 kobold zombies (Ossuary)
  5 orc zombies (Ossuary)
  29 rats
201 creatures vanquished.

Notes
Turn   | Place    | Note
-------+----------+-------------------------------------------
     0 | D:1      | mortress the Merfolk Shapeshifter began the quest for the
                  | Orb.
     0 | D:1      | Reached XP level 1. HP: 15/15 MP: 1/1
   110 | D:1      | Reached XP level 2. HP: 21/21 MP: 2/2
   653 | D:1      | Reached XP level 3. HP: 26/27 MP: 3/3
  1372 | D:2      | Upgraded the game from 0.31-a0-881-ge136f0c47a to
                  | 0.31-a0-889-g1a8549509d
  1520 | D:2      | You fall into a shaft and drop 1 floor!
  1564 | D:3      | Reached XP level 4. HP: 33/33 MP: 4/4
  2019 | D:3      | Reached XP level 5. HP: 39/39 MP: 5/5
  2024 | D:3      | Reached skill level 5 in Shapeshifting
  2717 | D:4      | Reached XP level 6. HP: 27/47 MP: 6/6
  3355 | D:5      | Entered Level 5 of the Dungeon
  3364 | D:5      | Found a sand-covered staircase.
  3394 | D:5      | Reached skill level 5 in Dodging
  3446 | D:5      | Found a glowing drain.
  3453 | Sewer    | Entered a sewer
  3554 | Sewer    | Reached skill level 5 in Unarmed Combat
  3584 | Sewer    | Reached XP level 7. HP: 11/53 MP: 7/7
  3901 | Ossuary  | Entered an ossuary
  4216 | Ossuary  | Reached XP level 8. HP: 61/61 MP: 8/8
  4430 | D:5      | Noticed tinfoiltophat's ghost (weakling DjFE)
  4438 | D:5      | Found a transporter.
  4473 | D:5      | Found a transporter.
  4505 | D:5      | Reached skill level 5 in Fighting
  4608 | D:5      | Found a radiant altar of Vehumet.
  5591 | D:5      | Found a staircase to the Ecumenical Temple.
  5602 | Temple   | Entered the Ecumenical Temple
  5617 | Temple   | Became a worshipper of Ru the Awakened
  5910 | D:6      | Found a runed translucent door.
  5923 | D:6      | Noticed pokeman's ghost (novice DEHW)
  6044 | D:6      | Reached XP level 9. HP: 7/69 MP: 9/9
  6044 | D:6      | Slain by a gnoll

Illustrated notes

Levels and vault maps discovered:
D:1:      onia_arrival_handbag, layout_basic, chequers_mini_garden
D:2:      layout_rooms, bh_walls_and_bars
D:3:      layout_basic
D:4:      layout_basic
D:5:      layout_cave_pods, lemuel_doored_altar,
          minmay_temple_entry_proselytizer, gammafunk_ghost_stat_death,
          chequers_ossuary_entry_cave, lightli_sewer_entry_pipes
D:6:      layout_rooms, ebering_ghost_sewer_f, dk_noncrumbling_3, minivault_1,
          palyth_stone_intersect, kennysheep_generic_room_13, uniq_blork_the_orc
Temple:   compressed_dpeg_triangle_lava_temple

Skill      XL: |  1  2  3  4  5  6  7  8 |
---------------+-------------------------+-----
Dodging        | 3 4 5 6 7 |  7.5
Fighting       | 2 3 4 5 |  5.9
Unarmed Combat | 4 5 7 |  7.2
Shapeshifting  | 5 6 7 |  7.7

Action                     |  1- 3 |  4- 6 |  7- 9 || total
---------------------------+-------+-------+-------++-------
  Melee: Unarmed           |    91 |   218 |   295 ||   604
         Punch             |       |     4 |     8 ||    12
         Tailslap          |       |     4 |     3 ||     7
  Evoke: Wand              |       |       |     2 ||     2
    Use: Potion            |       |       |     4 ||     4
   Stab: Sleeping          |     3 |     4 |     1 ||     8
 Armour: Animal skin       |    43 |    78 |   122 ||   243
         Skin              |       |       |    48 ||    48
  Dodge: Dodged            |    46 |   123 |   206 ||   375
   Form: Flux              |       |       |     1 ||     1

Table legend: (Time is in decaauts)
 A = Elapsed time spent in this place.
 B = Non-inter-level travel time spent in this place.
 C = Inter-level travel time spent in this place.
 D = Time resting spent in this place.
 E = Time spent auto-exploring this place.
 F = Levels seen in this place.
 G = Mean time per level.
                   A        B        C        D        E       F      G
               +--------+--------+--------+--------+--------+-----+--------+
         Total |   5923 |   5777 |    146 |     82 |   4186 |   9 |  658.1 |
       Dungeon |   5042 |   4896 |    146 |      3 |   3906 |   6 |  840.3 |
        Temple |     28 |     28 |      0 |      0 |      0 |   1 |   28.0 |
         Sewer |    360 |    360 |      0 |      0 |      8 |   1 |  360.0 |
       Ossuary |    491 |    491 |      0 |     79 |    272 |   1 |  491.0 |
               +--------+--------+--------+--------+--------+-----+--------+

Top non-repeatable levels by time:
     D:5: 1399 daAuts
     D:1: 1071 daAuts
     D:3: 1050 daAuts
     D:4: 658 daAuts
     D:2: 556 daAuts
 Ossuary: 491 daAuts
   Sewer: 360 daAuts
     D:6: 306 daAuts
  Temple: 28 daAuts
